 Dungeon Crawl Stone Soup version 0.29.1-12-g30fa7ad0bf (webtiles) character file.

Game seed: 10453408249147515438

235 xzight the Grasshopper (level 6, -3/50 HPs)
             Began as a Gnoll Warper on Dec 30, 2022.
             Slain by an orc
             ... wielding a +0 short sword
              (4 damage)
             ... on level 4 of the Dungeon.
             The game lasted 00:07:13 (3489 turns).

xzight the Grasshopper (Gnoll Warper)               Turns: 3489, Time: 00:07:14

Health: -3/50      AC:  4    Str: 10    XL:     6   Next: 5%
Magic:  14/14      EV: 13    Int: 14    God:
Gold:   184        SH:  0    Dex: 12    Spells: 10/15 levels left

rFire   . . .      SeeInvis .   j - +0 flail (protect)
rCold   . . .      Faith    .   (no shield)
rNeg    . . .      Spirit   .   b - +0 leather armour
rPois   .          Reflect  .   (no helmet)
rElec   .          Harm     .   g - +0 cloak
rCorr   .          Rampage  .   (no gloves)
Will    .....                   (no boots)
Stlth   ++........              (no amulet)
HPRegen 0.16/turn               (no ring)
MPRegen 0.14/turn               (no ring)

@: no status effects
A: fangs 1, strong nose, distributed training
a: no special abilities


You were on level 4 of the Dungeon.
You visited 1 branch of the dungeon, and saw 4 of its levels.

You collected 184 gold pieces.


Innate Abilities, Weirdness & Mutations

You have very sharp teeth.
Your uncanny sense of smell can sniff out nearby items.
Your experience applies equally to all skills.


   Skills:
 + Level 4.9 Fighting
 + Level 1.8 Short Blades
 + Level 1.8 Long Blades
 + Level 1.8 Axes
 + Level 1.8 Maces & Flails
 + Level 4.9 Polearms
 + Level 1.8 Staves
 + Level 1.8 Ranged Weapons
 + Level 3.2 Throwing
 + Level 3.2 Armour
 + Level 4.9 Dodging
 + Level 1.8 Stealth
 + Level 1.8 Shields
 + Level 1.8 Unarmed Combat
 + Level 5.3 Spellcasting
 + Level 1.4 Conjurations
 + Level 1.4 Hexes
 + Level 1.4 Summonings
 + Level 1.4 Necromancy
 + Level 5.6 Translocations
 + Level 1.4 Transmutations
 + Level 1.4 Fire Magic
 + Level 1.4 Ice Magic
 + Level 1.4 Air Magic
 + Level 1.4 Earth Magic
 + Level 1.4 Poison Magic
 + Level 2.0 Invocations
 + Level 1.8 Evocations


You had 10 spell levels left.
You knew the following spells:

 Your Spells              Type           Power      Damage    Failure   Level
a - Blink                 Tloc           38%        N/A       3%          2
b - Teleport Other        Tloc           19%        N/A       7%          3

Your spell library contained the following spells:

 Spells                   Type           Power      Damage    Failure   Level
 Gell's Gravitas          Tloc           19%        N/A       7%          3
 Lesser Beckoning         Tloc           19%        N/A       7%          3
 Sublimation of Blood     Necr           7%         N/A       19%         2
 Manifold Assault         Tloc           19%        N/A       52%         5
 Petrify                  Tmut/Erth      7%         N/A       77%         4
 Irradiate                Conj/Tmut      3%         3d12      98%         5

Inventory:

Hand Weapons
 j - a +0 flail of protection (weapon)
 m - a +1 vorpal spear
Missiles
 d - 7 boomerangs of dispersal (quivered) {=f}
Armour
 b - a +0 leather armour (worn)
 g - a +0 cloak (worn)
Jewellery
 N - a ring of positive energy
 Z - a ring of wizardry
Scrolls
 c - 2 scrolls of blinking
 e - a scroll of identify {unknown}
 f - a scroll of fear {unknown}
 h - a scroll of enchant armour {unknown}
 i - a scroll of fog {unknown}
 k - 2 scrolls of magic mapping {unknown}
 l - 3 scrolls of immolation {unknown}
 o - a scroll of silence {unknown}
 p - a scroll of noise {unknown}
Potions
 a - a potion of lignification {unknown}
 n - a potion of berserk rage {unknown}

Dungeon Overview and Level Annotations

Branches:
Dungeon (4/15)
 Temple: D:4-7

Altars:

∆ ........
#.....# #.....#
∆ #.....#
#.S...#
########.....#
#............#
#.#######.####
#.# ####@#####
#.#
#...o....###)#
#.#
#.....o......#
#.#
#........#####..
#.#
#...............
#<#
#.........####.
#.#
#..........### o
#.#
####.##...(.)#
... #.#
#.#######.#.....


You could see an orc wizard, an adder and an orc.


Message History

You hit the orc priest.
The orc priest is almost dead.
The orc closely misses you. The orc priest barely misses you.
You hit the orc priest but do no damage.
The orc priest is almost dead.
The orc priest begins to cast a cantrip, but forgets the words!
You hit the orc priest.
You kill the orc priest!
The orc misses you.
You have reached level 6!
The orc attacks as you move away! The orc hits you but does no damage.
You see here 6 stones.
The orc attacks as you move away! The orc hits you with a +0 short sword.
* * * LOW HITPOINT WARNING * * *
Found a quarterstaff.
The orc wizard points at you and mumbles some strange words.
You are confused.
You bump into the rock wall.
The orc hits you but does no damage.
An adder comes into view.
The adder hisses angrily.
The orc wizard gestures at you while chanting.
The puff of flame hits you!
* * * LOW HITPOINT WARNING * * *
There is an open door here.
You bump into the rock wall.
The orc hits you with a +0 short sword.
* * * LOW HITPOINT WARNING * * *
You bump into the rock wall.
You feel less confused. The orc hits you with a +0 short sword.
You die...

Skill      XL: |  1  2  3  4  5 |
---------------+----------------+-----
Spellcasting   | 5 |  5.3
Invocations    | 1 2 |  2.0
Short Blades   | 1 |  1.8
Long Blades    | 1 |  1.8
Axes           | 1 |  1.8
Maces & Flails | 1 |  1.8
Staves         | 1 |  1.8
Ranged Weapons | 1 |  1.8
Stealth        | 1 |  1.8
Shields        | 1 |  1.8
Unarmed Combat | 1 |  1.8
Evocations     | 1 |  1.8
Conjurations   | 1 |  1.4
Hexes          | 1 |  1.4
Summonings     | 1 |  1.4
Necromancy     | 1 |  1.4
Transmutations | 1 |  1.4
Fire Magic     | 1 |  1.4
Ice Magic      | 1 |  1.4
Air Magic      | 1 |  1.4
Earth Magic    | 1 |  1.4
Poison Magic   | 1 |  1.4
Throwing       | 3 |  3.2
Armour         | 3 |  3.2
Fighting       | |  4.9
Polearms       | |  4.9
Dodging        | |  4.9
Translocations | |  5.6

Action                   |  1- 3 |  4- 6 || total
-------------------------+-------+-------++-------
Melee: Spear             |   104 |       ||   104
       Bite              |    14 |     8 ||    22
       Flail             |    42 |   132 ||   174
       Punch             |     1 |     3 ||     4
 Stab: Sleeping          |       |     3 ||     3
Armor: Leather armour    |    38 |    54 ||    92
Dodge: Dodged            |    98 |   121 ||   219

Levels and vault maps discovered:
D:1:      ncdulo_watergridlock, layout_basic
D:2:      layout_basic, ebering_ecumenical_altar_mist, st_stairs_12,
          wander_ebering_terrifying_dragon_lair
D:3:      layout_basic, uniq_jessica
D:4:      layout_basic, lemuel_crystal_altar, grunt_temple_overflow_diamond

Notes
Turn   | Place    | Note
-------+----------+-------------------------------------------
     0 | D:1      | xzight the Gnoll Warper began the quest for the Orb.
     0 | D:1      | Reached XP level 1. HP: 20/20 MP: 6/6
   319 | D:1      | Reached XP level 2. HP: 22/26 MP: 7/7
   771 | D:1      | Reached skill level 5 in Spellcasting
   771 | D:1      | Reached XP level 3. HP: 11/31 MP: 7/9
   999 | D:1      | Learned a level 2 spell: Blink
  1003 | D:1      | Learned a level 3 spell: Teleport Other
  1156 | D:1      | Reached skill level 1 in Invocations
  1474 | D:2      | Reached skill level 1 in Short Blades
  1474 | D:2      | Reached skill level 1 in Long Blades
  1474 | D:2      | Reached skill level 1 in Axes
  1474 | D:2      | Reached skill level 1 in Maces & Flails
  1474 | D:2      | Reached skill level 1 in Staves
  1474 | D:2      | Reached skill level 1 in Ranged Weapons
  1474 | D:2      | Reached skill level 1 in Stealth
  1474 | D:2      | Reached skill level 1 in Shields
  1474 | D:2      | Reached skill level 1 in Unarmed Combat
  1474 | D:2      | Reached skill level 1 in Evocations
  1818 | D:2      | Reached XP level 4. HP: 31/38 MP: 11/11
  1873 | D:2      | Found a faded altar of an unknown god.
  1995 | D:2      | Reached skill level 1 in Conjurations
  1995 | D:2      | Reached skill level 1 in Hexes
  1995 | D:2      | Reached skill level 1 in Summonings
  1995 | D:2      | Reached skill level 1 in Necromancy
  1995 | D:2      | Reached skill level 1 in Transmutations
  1995 | D:2      | Reached skill level 1 in Fire Magic
  1995 | D:2      | Reached skill level 1 in Ice Magic
  1995 | D:2      | Reached skill level 1 in Air Magic
  1995 | D:2      | Reached skill level 1 in Earth Magic
  1995 | D:2      | Reached skill level 1 in Poison Magic
  2515 | D:3      | Noticed Jessica
  2562 | D:3      | Killed Jessica
  2563 | D:3      | Reached XP level 5. HP: 36/43 MP: 12/12
  2717 | D:3      | Reached skill level 3 in Throwing
  2717 | D:3      | Reached skill level 3 in Armour
  3268 | D:3      | Reached skill level 2 in Invocations
  3479 | D:4      | Reached XP level 6. HP: 14/50 MP: 14/14
  3487 | D:4      | HP: 2/50 [orc wizard/puff of flame (9)]
  3489 | D:4      | Slain by an orc

Vanquished Creatures
  An orc priest (D:4)
  A gnoll bouda (D:2)
  Jessica (D:3)
  4 adders
  4 gnolls (D:3)
  A worm (D:2)
  4 dart slugs
  An orc (D:3)
  An endoplasm (D:1)
  5 giant cockroaches
  9 goblins
  2 hobgoblins
  5 jackals
  4 quokkas
  9 ball pythons
  7 bats
  5 frilled lizards
  5 kobolds
  3 rats (D:2)
72 creatures vanquished.

Table legend: (Time is in decaauts)
 A = Elapsed time spent in this place.
 B = Non-inter-level travel time spent in this place.
 C = Inter-level travel time spent in this place.
 D = Time resting spent in this place.
 E = Time spent auto-exploring this place.
 F = Levels seen in this place.
 G = Mean time per level.
                   A        B        C        D        E       F      G
               +--------+--------+--------+--------+--------+-----+--------+
         Total |   3539 |   3416 |    123 |   1030 |   1540 |   4 |  884.8 |
       Dungeon |   3539 |   3416 |    123 |   1030 |   1540 |   4 |  884.8 |
               +--------+--------+--------+--------+--------+-----+--------+

Top non-repeatable levels by time:
     D:1: 1428 daAuts
     D:2: 1263 daAuts
     D:3: 767 daAuts
     D:4: 79 daAuts

Table legend:
 A = Non-vault XP
 B = Vault XP
 C = Vault XP percentage of total XP
 D = Non-vault monster count
 E = Vault monster count
 F = Vault count percentage of total count
                 A         B        C        D         E       F
            +---------+---------+-------+---------+---------+-------
      Total |     297 |      39 |  11.6 |      69 |       3 |   4.2
            +---------+---------+-------+---------+---------+-------
        D:1 |      51 |       0 |   0.0 |      27 |       0 |   0.0
        D:2 |     115 |       2 |   1.7 |      23 |       2 |   8.0
        D:3 |      89 |      37 |  29.4 |      17 |       1 |   5.6
        D:4 |      42 |       0 |   0.0 |       2 |       0 |   0.0
            +---------+---------+-------+---------+---------+-------
